 Dungeon Crawl Stone Soup version 0.31-a0-765-g67fe2935dc (webtiles) character file.

Game seed: 12648306878659096238

143990 Newt the Fighter (level 16, -2/116 HPs)
             Began as a Demonspawn Gladiator on Sept 15, 2023.
             Was the Champion of Hepliaklqana.
             Slain by a deep elf blademaster
             ... wielding a +0 spectral great sword
              (19 damage)
             ... on level 1 of the Elven Halls.
             The game lasted 00:41:18 (24995 turns).

Newt the Fighter (Demonspawn Gladiator)            Turns: 24995, Time: 00:41:18

Health: -2/116     AC: 24    Str: 18    XL:     16   Next: 84%
Magic:  23/23      EV: 20    Int: 15    God:    Hepliaklqana [******]
Gold:   3386       SH:  2    Dex: 19    Spells: 19/24 levels left

rFire   + + .        W - +8 Vampire's Tooth {megavamp}
rCold   + . .        (no shield)
rNeg    . . .        P - +6 leather armour of the Distant Future {rC+ Will+ Dex+2}
rPois   +            q - +2 helmet {Int+3}
rElec   .            w - +2 cloak {rPois}
rCorr   .            (gloves unavailable)
SInv    .            T - +0 pair of boots
Will    ++...        N - amulet of the acrobat
Stlth   ++++         b - ring of the Octopus King {rF+ HP+2 AC+2 EV+2 SH+2}
HPRegen 0.39/turn    s - +4 ring of slaying
MPRegen 0.18/turn

%: acrobat
@: wereblooded
A: reduced essence, molten scales 3, demonic guardian 2, ignite blood 2,
corrupting presence 1, demonic touch 3
a: Renounce Religion, Recall Ancestor, Ancestor Identity, Transference, Idealise


You were on level 1 of the Elven Halls.
You worshipped Hepliaklqana.
Hepliaklqana was exalted by your worship.
You visited 5 branches of the dungeon, and saw 24 of its levels.
You also visited: Sewer and Gauntlet.

You collected 4298 gold pieces.
You spent 912 gold pieces at shops.

Inventory:

Hand Weapons
 c - the +10 sling "Demonspawn's Foe" {heavy, Fly}
   (You found it on level 4 of the Lair of Beasts)

   Fly:       It grants you flight.
 J - the +8 halberd "Obe Net" {venom, Will- MP+9 Str+2}
   (You found it on level 6 of the Dungeon)

   Str+2:     It affects your strength (+2).
   Will-:     It decreases your willpower.
   MP+9:      It affects your magic capacity (+9).
 W - the +8 Vampire's Tooth (weapon) {megavamp}
   (You found it in a Gauntlet)
 Y - the +8 pair of quick blades "Gyre" and "Gimble" {protect}
   (You found it on level 13 of the Dungeon)
Missiles
 d - 2 throwing nets
 e - 7 javelins
 h - 17 boomerangs
 v - 34 poisoned darts
 L - 8 silver javelins
Armour
 n - +0 fire dragon scales
 q - a +2 helmet of intelligence (worn)
 w - a +2 cloak of poison resistance (worn)
 K - a +1 troll leather armour {Snorg}
 P - the +6 leather armour of the Distant Future (worn) {rC+ Will+ Dex+2}
   (You bought it in a shop on level 1 of the Elven Halls)

   Dex+2:     It affects your dexterity (+2).
   rC+:       It protects you from cold.
   Will+:     It increases your willpower.
 T - a +0 pair of boots (worn)
 V - the +5 scale mail of Submission {-Cast Harm *Slow rC+++}
   (You found it on level 13 of the Dungeon)

   rC+++:     It renders you almost immune to cold.
   -Cast:     It prevents spellcasting.
   *Slow:     It may slow you when you take damage.
   Harm:      It increases damage dealt and taken.
Jewellery
 b - a ring of the Octopus King (left hand) {rF+ HP+2 AC+2 EV+2 SH+2}
   (You took it off a deep elf pyromancer on level 14 of the Dungeon)

   [ring of protection from fire]

   AC+2:      It affects your AC (+2).
   EV+2:      It affects your evasion (+2).
   rF+:       It protects you from fire.
   HP+2:      It affects your health (+2).
   SH+2:      It affects your SH (+2).
 s - a +4 ring of slaying (right hand)
 t - a ring of flight
 N - an amulet of the acrobat (around neck)
 X - a ring of resist corrosion
Talismans
 C - a granite talisman
Wands
 o - a wand of polymorph (6)
 y - a wand of roots (34)
 A - a wand of flame (86)
 H - a wand of quicksilver (9)
 M - a wand of paralysis (12)
 S - a wand of digging (5)
Scrolls
 j - a scroll of brand weapon
 l - 2 scrolls of identify
 p - 9 scrolls of teleportation
 u - 6 scrolls of blinking
 x - 4 scrolls of revelation
 B - 7 scrolls of poison
 D - 6 scrolls of enchant armour
 G - 6 scrolls of enchant weapon
 U - 4 scrolls of fear
Potions
 a - a potion of haste
 f - a potion of berserk rage
 g - 2 potions of enlightenment
 i - 4 potions of curing
 k - a potion of ambrosia
 m - 3 potions of might
 r - 5 potions of heal wounds
 z - 2 potions of resistance
 E - 2 potions of attraction
 F - 3 potions of lignification
 I - 2 potions of mutation
 O - 2 potions of cancellation
 Q - a potion of brilliance
 R - 2 potions of invisibility


   Skills:
 - Level 12.0 Fighting
 + Level 10.0 Short Blades
 - Level 5.1 Maces & Flails
 - Level 10.0 Polearms
 - Level 4.0 Throwing
 - Level 8.0 Armour
 - Level 10.0 Dodging
 - Level 10.0 Stealth
 - Level 4.9 Spellcasting
 - Level 4.8 Transmutations
 - Level 10.0 Ice Magic
 - Level 9.0 Invocations
 - Level 10.0 Evocations


You had 19 spell levels left.
You knew the following spells:

 Your Spells              Type           Power      Damage    Failure   Level
a - Wereblood             Tmut           18%        N/A       3%          2
b - Frozen Ramparts       Ice            66%        1d10      1%          3

Your spell library contained the following spells:

 Spells                   Type           Power      Damage    Failure   Level
 Freeze                   Ice            100%       1d10      1%          1
 Hailstorm                Conj/Ice       18%        3d6       8%          3
 Apportation              Tloc           6%         N/A       19%         1
 Kiss of Death            Conj/Necr      12%        2d6       19%         1
 Magic Dart               Conj           12%        1d3       19%         1
 Necrotise                Necr           12%        1d4       19%         1
 Summon Small Mammal      Summ           12%        N/A       19%         1
 Call Imp                 Summ           6%         N/A       28%         2
 Jinxbite                 Hex            6%         N/A       28%         2
 Call Canine Familiar     Summ           3%         N/A       50%         3
 Confusing Touch          Hex            3%         N/A       50%         3
 Mephitic Cloud           Conj/Pois/Air  3%         N/A       50%         3
 Summon Guardian Golem    Hex/Summ       3%         N/A       50%         3
 Tukima's Dance           Hex            3%         N/A       50%         3
 Dimensional Bullseye     Hex/Tloc       1%         N/A       88%         4
 Dispel Undead            Necr           3%         3d7       88%         4
 Iskenderun's Mystic Bla  Conj/Tloc      3%         2d3       88%         4
 Vhi's Electric Charge    Tloc/Air       6%         N/A       88%         4
 Alistair's Intoxication  Tmut/Pois      6%         N/A       89%         5
 Irradiate                Conj/Tmut      5%         3d13      89%         5
 Arcjolt                  Conj/Air       1%         1d11      99%         5
 Maxwell's Capacitive Co  Air            1%         ∞         100%        8


Dungeon Overview and Level Annotations

Branches:
Dungeon (15/15)            Temple (1/1) D:4            Lair (5/5) D:10
 Shoals (0/4) Lair:3       Spider (0/4) Lair:3        Slime (0/5) Lair:4
    Orc (2/2) D:12            Elf (1/3) Orc:2        Vaults (0/5) D:13
 Depths (0/4) D:15          Sewer (visited)         Gauntlet (visited)

Altars:
Ashenzari
Cheibriados
Dithmenos
Fedhas
Gozag
Hepliaklqana
Kikubaaqudgha
Makhleb
Nemelex Xobeh
Okawaru
Qazlal
Ru
Sif Muna
Trog
Uskayaw
Vehumet
Wu Jian
Xom
Yredelemnul
Jiyva

Shops:
D:5 *   Orc:2 :?==   Elf:1 **

Annotations:
Elf:1 1 transporter


Innate Abilities, Weirdness & Mutations

Your life essence is reduced to manifest your ancestor. (-10% HP)
You are completely covered in molten scales. (AC +4, rF+)
A demonic guardian rushes to your aid.
Your demonic aura often causes spilled blood to erupt in flames.
Your presence sometimes corrodes those you injure.
Your touch may irresistibly damage your foes and sap their willpower.


Message History

The deep elf blademaster hits you with a +0 spectral great sword.
* * * LOW HITPOINT WARNING * * *
Lucia closely misses the deep elf blademaster.
Lucia hits the +0 spectral great sword with a +0 broad axe of flaming.
The deep elf blademaster closely misses you.
The deep elf blademaster hits you with a +0 spectral great sword.
* * * LOW HITPOINT WARNING * * *
Unknown command.
You feel much better.
The deep elf blademaster hits you with a +0 spectral great sword!
* * * LOW HITPOINT WARNING * * *
The deep elf blademaster barely misses you.
Lucia misses the deep elf blademaster.
Lucia hits the +0 spectral great sword with a +0 broad axe of flaming.
The deep elf blademaster shares its spectral weapon's damage!
Unknown command.
Unknown command.
You hit the deep elf blademaster.
You feel better.
You barely miss the deep elf blademaster.
The deep elf blademaster is severely wounded.
The deep elf blademaster completely misses you.
The deep elf blademaster hits you with a +0 spectral great sword!
* * * LOW HITPOINT WARNING * * *
Your sixfirhy barely misses the deep elf blademaster.
Unknown command.
You feel much better.
Your sixfirhy misses the deep elf blademaster.
Your sixfirhy closely misses the deep elf blademaster. x2
The deep elf blademaster is engulfed in blazing flames.
The deep elf blademaster hits you with a +0 spectral great sword!
* * * LOW HITPOINT WARNING * * *
The deep elf blademaster hits you with a +0 spectral great sword!
* * * LOW HITPOINT WARNING * * *
Lucia barely misses the deep elf blademaster.
Lucia misses the +0 spectral great sword.
Your sixfirhy misses the deep elf blademaster.
The deep elf blademaster is engulfed in blazing flames.
The deep elf blademaster completely misses you.
The deep elf blademaster hits you with a +0 spectral great sword!!
You die...

.....# #.# #.#.)♣).#.#
....## #.# #.#.....#.#
#'########'# #.##...##.#
#.# #.....###.8##©##8.##
#.# ##.....##..8#####8..#
#.# #.......#.###.©.###.#
#.###...P...#.#♣.....♣#.#
............#.#♣.....♣#.#
....##.....##.#♣@♣_♣.♣#.#
...###.....##.#♣Re$$(♣#.#
..###'##'####.#♣(○3$$♣#.#
..##.###.# #.###$©$###.#
#.#.## #.# #...#####...#
#..## #.# ###..8©8..###
..## #.# ##.....## ..#
#.# ####### ..# #.#


You could see the friendly Lucia the knight, a deep elf blademaster (ally
target), a +0 spectral great sword and a friendly sixfirhy (summoned).

Vanquished Creatures
  Rupert (Lair:4)
  Kirke (Lair:4)
  A caustic shrike zombie (D:15)
  An orc warlord (Orc:1)
  A minotaur (Gauntlet)
  Snorg (D:12)
  An ettin (D:13)
  A fire dragon (Lair:5)
  A rakshasa (D:14)
  An ogre mage (D:15)
  7 hydras
  2 catoblepae
  6 boulder beetles
  6 dancing weapons (Elf:1)
  11 two-headed ogres
  A sphinx zombie (D:15)
  A tengu warrior (D:14)
  12 centaur warriors
  A spriggan berserker (D:13)
  The ghost of soul19 the Magician, a novice GnWr (D:8)
  4 orc high priests
  5 deep elf knights (Elf:1)
  Sonja (Orc:2)
  3 skeletal warriors
  A skyshark (Lair:3)
  A flayed ghost (D:15)
  A swamp dragon (Lair:5)
  Pikel (D:7)
  A lindwurm (Lair:3)
  A wizard (D:13)
  2 deep elf archers (Elf:1)
  A harpy (Lair:3)
  7 orc knights
  6 deep elf zephyrmancers (Elf:1)
  A shadow dragon zombie (D:15)
  2 necromancers
  13 deep elf pyromancers
  An oklob plant (Gauntlet)
  18 ugly things
  4 orc sorcerers (Orc:2)
  5 manticores
  A moth of wrath (D:8)
  11 cyclopes
  A guardian serpent (Lair:5)
  7 elephants
  19 black mambas
  A rust devil (Gauntlet)
  A torpor snail (Lair:3)
  19 cane toads
  15 komodo dragons
  2 efreet
  3 elves (Elf:1)
  A freezing wraith (D:14)
  A redback zombie (D:15)
  A queen bee (D:12)
  4 hornets
  A troll (shapeshifter) (D:14)
  A hornet (shapeshifter) (D:14)
  11 trolls
  10 blink frogs
  7 dream sheep (Lair:5)
  A spriggan zombie (D:15)
  A raiju (Gauntlet)
  Sigmund (D:3)
  11 slime creatures
  A centaur simulacrum (D:14)
  A jumping spider (Lair:3)
  2 shadows
  33 yaks
  15 wyverns
  A spriggan skeleton (D:15)
  A ynoxinul (Gauntlet)
  An air elemental (Elf:1)
  4 hogs (Lair:4)
  2 wraiths
  6 basilisks
  A golden eye (shapeshifter) (D:14)
  2 vampire mosquitoes
  3 redbacks
  3 steam dragons
  4 wargs
  5 acid dragons
  20 water moccasins
  22 orc warriors
  A swamp drake (Lair:5)
  An ice beast (D:8)
  A sky beast (D:8)
  An ice beast (shapeshifter) (D:15)
  6 ogres
  3 boggarts (D:14)
  4 black bears
  8 wolves
  2 centaurs
  2 kobold brigands
  18 bullfrogs
  A gnoll sergeant (D:5)
  2 scorpions
  A hornet simulacrum (D:15)
  3 wights (D:8)
  12 killer bees
  6 howler monkeys
  2 electric eels (Lair:3)
  A gnoll bouda (D:7)
  2 jellies
  22 orc priests
  6 hounds
  4 iron imps (Gauntlet)
  Jessica (D:3)
  Ijyb (D:3)
  4 iguanas
  32 orc wizards
  10 hell rats
  Robin (D:2)
  3 gnolls (D:7)
  3 river rats (Sewer)
  12 adders
  A white imp (D:5)
  An ufetubus (D:5)
  7 worms
  2 dart slugs
  75 orcs
  5 bats
  9 endoplasms
  3 giant cockroaches (D:1)
  12 goblins
  10 hobgoblins
  3 jackals (D:5)
  9 kobolds
  A quokka (D:2)
  15 ball pythons
  4 frilled lizards
  25 rats
  A butterfly (Lair:1)
754 creatures vanquished.

Vanquished Creatures (collateral kills)
  Roxanne (Elf:1)
  An ettin (D:13)
  A hydra (D:13)
  3 two-headed ogres
  A dancing weapon (Elf:1)
  A deep elf knight (Elf:1)
  A skeletal warrior (D:15)
  An orc knight (Orc:2)
  3 ugly things
  A deep elf pyromancer (D:14)
  A wolf spider (Lair:5)
  2 cyclopes (D:13)
  2 manticores (D:14)
  3 cane toads (Lair:3)
  A rime drake (Lair:3)
  5 komodo dragons
  A freezing wraith (D:14)
  6 slime creatures
  A vampire (D:9)
  8 yaks
  A wyvern (Lair:5)
  2 steam dragons (Lair:5)
  3 vampire mosquitoes
  3 basilisks
  An acid dragon (Lair:5)
  2 water moccasins (Lair:5)
  3 swamp drakes (Lair:5)
  3 orc warriors
  An ice beast (D:6)
  A centaur (D:9)
  A wolf (Lair:2)
  2 bullfrogs
  A gnoll sergeant (D:8)
  A wight (D:8)
  5 killer bees
  3 orc priests
  3 iguanas (Lair:5)
  7 orc wizards
  A hell rat (Lair:2)
  An adder (Sewer)
  A white imp (D:6)
  An ufetubus (D:7)
  17 orcs
  A kobold (D:7)
  3 butterflies (Lair:1)
112 creatures vanquished.

Vanquished Creatures (others)
  13 knights
  An orc wizard (Orc:1)
  2 ancestors
  An orc (Orc:2)
17 creatures vanquished.

Grand Total: 883 creatures vanquished

Notes
Turn   | Place    | Note
-------+----------+-------------------------------------------
     0 | D:1      | Newt the Demonspawn Gladiator began the quest for the Orb.
     0 | D:1      | Reached XP level 1. HP: 16/16 MP: 1/1
    78 | D:1      | Gained mutation: Your demonic aura sometimes causes spilled
                  | blood to erupt in flames. [demonic ancestry]
    78 | D:1      | Reached XP level 2. HP: 19/23 MP: 2/2
   158 | D:1      | Reached skill level 3 in Fighting
   564 | D:1      | Gained mutation: A weak demonic guardian rushes to your
                  | aid. [demonic ancestry]
   564 | D:1      | Reached XP level 3. HP: 29/29 MP: 3/3
   794 | D:2      | Identified the +2 pair of gloves of Quinwu {rN+}
  1006 | D:2      | Noticed Robin
  1052 | D:2      | Reached skill level 4 in Fighting
  1062 | D:2      | Killed Robin
  1261 | D:2      | Gained mutation: Your touch may inflict minor irresistible
                  | damage on your foes. [demonic ancestry]
  1261 | D:2      | Reached XP level 4. HP: 35/37 MP: 4/4
  1805 | D:3      | Noticed Jessica
  1811 | D:3      | Killed Jessica
  1993 | D:3      | Noticed Sigmund
  2005 | D:3      | Killed Sigmund
  2006 | D:3      | Reached XP level 5. HP: 41/42 MP: 5/5
  2006 | D:3      | Gained mutation: A demonic guardian rushes to your aid.
                  | [demonic ancestry]
  2006 | D:3      | Reached XP level 6. HP: 47/48 MP: 6/6
  2274 | D:3      | Noticed Ijyb
  2288 | D:3      | Killed Ijyb
  2490 | D:4      | Found a staircase to the Ecumenical Temple.
  2498 | Temple   | Entered the Ecumenical Temple
  2527 | Temple   | Became a worshipper of Hepliaklqana the Forgotten
  2642 | D:4      | Found a shimmering blue altar of Sif Muna.
  3116 | D:4      | Found a hide-covered altar of Uskayaw.
  3116 | D:4      | Found a blossoming altar of Fedhas.
  3123 | D:4      | Found a basalt altar of Yredelemnul.
  3125 | D:4      | Found an iron altar of Okawaru.
  3171 | D:5      | Entered Level 5 of the Dungeon
  3258 | D:5      | Gained mutation: You are partially covered in molten
                  | scales. (AC +2) [demonic ancestry]
  3258 | D:5      | Reached XP level 7. HP: 50/55 MP: 7/7
  3294 | D:5      | Found Gozag's Platinum Reserve.
  3294 | D:5      | Found an opulent altar of Gozag.
  3322 | D:5      | Reached skill level 5 in Fighting
  3337 | D:5      | Found a glowing drain.
  3359 | Sewer    | Entered a sewer
  3673 | Sewer    | Reached skill level 6 in Fighting
  4195 | D:5      | Reached skill level 7 in Fighting
  4241 | D:5      | Reached skill level 1 in Maces & Flails
  4241 | D:5      | Reached XP level 8. HP: 56/67 MP: 8/8
  4702 | D:5      | Reached * piety under Hepliaklqana
  4839 | D:5      | Identified the +1 hand axe of the Final Decision {pain,
                  | rElec Int-4 Dex+10}
  5122 | D:6      | Found a radiant altar of Vehumet.
  5141 | D:6      | Reached skill level 5 in Maces & Flails
  5144 | D:6      | Identified the +8 halberd "Obe Net" {venom, Will- MP+9
                  | Str+2}
  5710 | D:7      | Gained mutation: Your touch may inflict irresistible damage
                  | on your foes. [demonic ancestry]
  5710 | D:7      | Reached XP level 9. HP: 45/64 MP: 9/9
  5808 | D:7      | Noticed Pikel
  5815 | D:7      | Killed Pikel
  6243 | D:8      | Found a transporter.
  6246 | D:8      | Noticed a moth of wrath
  6247 | D:8      | Noticed a two-headed ogre
  6247 | D:8      | Noticed soul19's ghost (novice GnWr)
  6250 | D:8      | Found a transporter.
  6253 | D:8      | Found a bloodstained altar of Trog.
  6273 | D:8      | Reached ** piety under Hepliaklqana
  6274 | D:8      | Remembered your ancestor Lucia as a knight
  6676 | D:8      | Gained mutation: You are mostly covered in molten scales.
                  | (AC +3) [demonic ancestry]
  6676 | D:8      | Reached XP level 10. HP: 69/71 MP: 10/10
  6679 | D:8      | Learned a level 2 spell: Wereblood
  6725 | D:8      | Reached skill level 1 in Spellcasting
  6725 | D:8      | Reached skill level 1 in Transmutations
  7039 | D:8      | Killed a moth of wrath
  7054 | D:8      | Killed soul19's ghost
  7057 | D:8      | Killed a two-headed ogre
  7355 | D:9      | Found a shadowy altar of Dithmenos.
  7713 | D:9      | Identified the +0 pair of gloves of the Eleven Persimmons
                  | {Str+2}
  7776 | D:9      | Identified the +2 chain mail of Qazlal's Fury {Rampage}
  8030 | D:10     | Entered Level 10 of the Dungeon
  8030 | D:10     | Reached *** piety under Hepliaklqana
  8137 | D:10     | Found a staircase to the Lair.
  8155 | D:10     | Reached skill level 10 in Polearms
  8155 | D:10     | Reached skill level 1 in Armour
  8155 | D:10     | Gained mutation: Your touch may irresistibly damage your
                  | foes and sap their willpower. [demonic ancestry]
  8155 | D:10     | Reached XP level 11. HP: 59/75 MP: 17/17
  8476 | D:10     | Noticed a two-headed ogre
  8481 | D:10     | Killed a two-headed ogre
  8868 | D:11     | Reached skill level 5 in Armour
  8966 | D:11     | Noticed a two-headed ogre
  8979 | D:11     | Killed a two-headed ogre
  9406 | D:11     | Reached **** piety under Hepliaklqana
  9525 | D:11     | Noticed a boulder beetle
  9536 | D:11     | Killed a boulder beetle
  9721 | D:11     | Noticed a two-headed ogre
  9725 | D:11     | Killed a two-headed ogre
  9929 | D:12     | HP: 1/75 [cyclops/large rock (12)]
 10389 | D:12     | Noticed Snorg
 10414 | D:12     | Killed Snorg
 10582 | D:12     | Reached skill level 1 in Evocations
 10694 | D:12     | Noticed a two-headed ogre
 10696 | D:12     | Noticed a two-headed ogre
 10700 | D:12     | Killed a two-headed ogre
 10712 | D:12     | Killed a two-headed ogre
 10713 | D:12     | Gained mutation: Your demonic aura often causes spilled
                  | blood to erupt in flames. [demonic ancestry]
 10713 | D:12     | Reached XP level 12. HP: 56/81 MP: 19/19
 10789 | D:12     | Reached skill level 5 in Evocations
 10949 | D:12     | Found a staircase to the Orcish Mines.
 11414 | D:13     | Noticed a four-headed hydra
 11418 | D:13     | Killed a six-headed hydra
 11799 | D:13     | Identified the +5 scale mail of Submission {-Cast Harm
                  | *Slow rC+++}
 11912 | D:13     | Reached ***** piety under Hepliaklqana
 12085 | D:13     | Reached skill level 10 in Evocations
 12085 | D:13     | Reached skill level 1 in Invocations
 12087 | D:13     | Found a gate to the Vaults.
 12297 | D:13     | Noticed a centaur warrior
 12306 | D:13     | Killed a centaur warrior
 12307 | D:13     | Reached skill level 5 in Invocations
 12347 | D:13     | Learned a level 3 spell: Frozen Ramparts
 12605 | D:13     | Noticed an ettin
 12605 | D:13     | Noticed an ettin
 12613 | D:13     | Killed an ettin
 12616 | D:13     | Found the +8 pair of quick blades "Gyre" and "Gimble"
                  | {protect}
 12813 | D:13     | Killed an ettin
 12879 | D:14     | Gained mutation: You are completely covered in molten
                  | scales. (AC +4, rF+) [demonic ancestry]
 12879 | D:14     | Reached XP level 13. HP: 59/86 MP: 18/20
 12929 | D:14     | Reached skill level 5 in Short Blades
 13854 | D:14     | Identified the +4 robe "Foffui" {rF+}
 14177 | D:14     | Reached skill level 10 in Short Blades
 14232 | D:14     | Reached skill level 1 in Ice Magic
 14333 | D:14     | Reached XP level 14. HP: 82/92 MP: 18/21
 14917 | D:14     | Reached skill level 5 in Ice Magic
 15006 | D:14     | Identified the +4 dagger "Unleq" {elec, Int+2}
 15086 | D:14     | Found the ring of the Octopus King {rF+ HP+2 AC+2 EV+2
                  | SH+2}
 15381 | D:14     | Found a snail-covered altar of Cheibriados.
 15442 | D:15     | Entered Level 15 of the Dungeon
 15551 | D:15     | Found a staircase to the Depths.
 15737 | D:15     | Found a basalt altar of Yredelemnul.
 16441 | D:15     | Reached skill level 10 in Ice Magic
 16944 | Lair:1   | Entered Level 1 of the Lair of Beasts
 17255 | Lair:1   | Reached skill level 8 in Fighting
 17708 | Lair:2   | Gained mutation: Your presence sometimes corrodes those you
                  | injure. [demonic ancestry]
 17708 | Lair:2   | Reached XP level 15. HP: 100/100 MP: 22/22
 17952 | Lair:2   | Reached skill level 9 in Fighting
 17984 | Lair:2   | Reached ****** piety under Hepliaklqana
 18492 | Lair:3   | Reached skill level 10 in Fighting
 18535 | Lair:3   | Found a staircase to the Shoals.
 18554 | Lair:3   | Found a gate leading to a gauntlet.
 18565 | Gauntlet | Entered a Gauntlet
 18565 | Gauntlet | Found a transporter.
 18565 | Gauntlet | Found a transporter.
 18581 | Gauntlet | Found a transporter.
 18585 | Gauntlet | Found a transporter.
 18597 | Gauntlet | Found a transporter.
 18616 | Gauntlet | Found a transporter.
 18630 | Gauntlet | Found a transporter.
 18633 | Gauntlet | Found a transporter.
 18635 | Gauntlet | Found a transporter.
 18641 | Gauntlet | Found a transporter.
 18681 | Gauntlet | Found a transporter.
 18706 | Gauntlet | Found a transporter.
 18935 | Gauntlet | Identified the +0 helmet "Olalihiuh" {Int+2}
 19058 | Gauntlet | Identified the +9 quarterstaff of Fragile Peace {elec,
                  | rElec Will++ Str+3}
 19070 | Gauntlet | Found the +8 Vampire's Tooth {megavamp}
 19093 | Lair:3   | Found a hole to the Spider Nest.
 19172 | Lair:3   | Reached skill level 11 in Fighting
 19386 | Lair:3   | Reached skill level 12 in Fighting
 19386 | Lair:3   | Reached skill level 1 in Stealth
 20284 | Lair:4   | Noticed Rupert
 20300 | Lair:4   | Killed Rupert
 20443 | Lair:4   | Noticed Kirke
 20461 | Lair:4   | Killed Kirke
 20462 | Lair:4   | Reached skill level 5 in Stealth
 20535 | Lair:4   | Identified the +10 sling "Demonspawn's Foe" {heavy, Fly}
 20822 | Lair:4   | Found a viscous altar of Jiyva.
 20822 | Lair:4   | Found a staircase to the Slime Pits.
 21082 | Lair:5   | Entered Level 5 of the Lair of Beasts
 21426 | Lair:5   | Reached XP level 16. HP: 103/114 MP: 21/23
 21635 | Lair:5   | Paralysed by a hornet for 1 turns
 21996 | Lair:5   | Identified a scroll of acquirement
 21998 | Lair:5   | Acquired 1176 gold pieces
 22534 | Orc:1    | Entered Level 1 of the Orcish Mines
 22554 | Orc:1    | Reached skill level 10 in Stealth
 22697 | Orc:1    | Found a transporter.
 23146 | Orc:1    | Found a transporter.
 23157 | Orc:1    | Reached skill level 5 in Dodging
 23258 | Orc:2    | Entered Level 2 of the Orcish Mines
 23528 | Orc:2    | Found a staircase to the Elven Halls.
 23528 | Orc:2    | Noticed Sonja
 23542 | Orc:2    | Killed Sonja
 23665 | Orc:2    | Found Upiskiev's Jewellery Boutique.
 23665 | Orc:2    | Found Gafikug's Magic Scroll Shop.
 23672 | Orc:2    | Found Buguuseu's Book Shop.
 23686 | Orc:2    | Found Cawnin's Jewellery Boutique.
 23703 | Orc:2    | Bought a scroll of enchant armour for 90 gold pieces
 23703 | Orc:2    | Bought 3 scrolls of teleportation for 108 gold pieces
 23962 | Elf:1    | Entered Level 1 of the Elven Halls
 23992 | Elf:1    | Found Kuyrej's General Store.
 23997 | Elf:1    | Bought a potion of mutation for 112 gold pieces
 23997 | Elf:1    | Bought a scroll of enchant weapon for 105 gold pieces
 23997 | Elf:1    | Bought a scroll of brand weapon for 133 gold pieces
 24019 | Elf:1    | Found an ornate altar of the Wu Jian Council.
 24020 | Elf:1    | Found a transporter.
 24023 | Elf:1    | Found a transporter.
 24089 | Elf:1    | Found a transporter.
 24109 | Elf:1    | Found a transporter.
 24110 | Elf:1    | Found an ornate altar of the Wu Jian Council.
 24110 | Elf:1    | Noticed a deep elf blademaster
 24166 | Elf:1    | Noticed Roxanne
 24182 | Elf:1    | Killed Roxanne
 24618 | Elf:1    | Found Lostriniami's CLEARANCE SALE!.
 24625 | Elf:1    | Bought a potion of heal wounds for 30 gold pieces
 24625 | Elf:1    | Bought the +6 leather armour of the Distant Future {rC+
                  | Will+ Dex+2} for 334 gold pieces
 24681 | Elf:1    | Paralysed by an air elemental for 1 turns
 24974 | Elf:1    | Reached skill level 10 in Dodging
 24995 | Elf:1    | Slain by a deep elf blademaster

Illustrated notes

Levels and vault maps discovered:
D:1:      lemuel_arrival_lava_pool, layout_loops_ring
D:2:      layout_loops_ring, uniq_robin
D:3:      layout_rooms, chequers_serial_rivers_micro_d, uniq_sigmund, uniq_ijyb,
          uniq_jessica
D:4:      layout_loops_ring, mainiacjoe_overflow_alcove_1,
          chequers_temple_overflow_minitemple, minmay_temple_entry_slanted,
          chequers_serial_rivers_micro_a, minmay_misc_feat_plants,
          chequers_serial_rivers_small_a, minivault_25
D:5:      layout_loops_cross, nicolae_gozag_zags_fifth_avenue,
          portal_sewer_entry_a, minivault_23, minmay_fractal_squares_5
D:6:      layout_rooms, vehumet_crystals
D:7:      layout_rooms, minmay_misc_feat_pillars, solitary_fountain, uniq_pikel
D:8:      layout_basic, lemuel_coloured_pillars_altar,
          gammafunk_ghost_wrathful_warriors
D:9:      layout_irregular_city, nicolae_dithmenos_the_darkroom
D:10:     layout_gridville, due_lair_maze_entry_diamond
D:11:     layout_gridville
D:12:     layout_cross, david_orc_1_choice, nicolae_looking_at_the_future,
          uniq_snorg
D:13:     layout_loops_corners, david_vaults_1,
          hellmonk_guarded_unrand_gyre_and_gimble
D:14:     minmay_spiral_squares, layout_small_grid, minmay_fountain_box,
          chei_slow_surprise
D:15:     gammafunk_depths_entry_grave, layout_irregular_city, elyvilon_altar_1,
          serial_bayou_pond_c, lemuel_zombie_altar_yredelemnul
Temple:   minmay_temple_bridge_abc
Lair:1:   layout_gridlike, lemuel_fruit_fields, lemuel_fruit_fields,
          grunt_megastairs_2, lemuel_fruit_fields
Lair:2:   layout_cave_pods
Lair:3:   nzn_winding_woodlands_three_and_one
          [nzn_winding_woodlands_5x15_zeroes,
          nzn_winding_woodlands_5x15_crooked, nzn_winding_woodlands_5x15_parted,
          nzn_winding_woodlands_center_garden], layout_cave_pods,
          nicolae_shoals_entry_roost, spider_nest_entry_a,
          gauntlet_entry_generic, minmay_stone_trees_medium,
          pdpol_lair_cavern_descent
Lair:4:   layout_roguey, dpeg_slime_entry_enclosed, lemuel_fruit_fields,
          grunt_megastairs_4, uniq_kirke, uniq_rupert
Lair:5:   guppyfry_lair_end_dragon, layout_cave_pods,
          hangedman_lair_tendril_chambers, fungi_pond_lemuel
Orc:1:    gammafunk_beogh_shrine, layout_caves, dreamdust_deal_with_the_devil,
          mines1_david
Orc:2:    st_orc_mages, layout_diamond_mine, basic_altar, lightli_orcish_oven,
          uniq_sonja
Elf:1:    dreamdust_wu_jian_sword_trials, layout_geoelf_diagonals, serial_shops,
          shop, hangedman_elven_crosses_minicolossus, nicolae_shop_clearance,
          uniq_roxanne

Skill      XL: |  1  2  3  4  5  6  7  8  9 10 11 12 13 14 15 16 |
---------------+-------------------------------------------------+-----
Fighting       | 3 4 7 8 12 | 12.0
Dodging        | 3 4 10 | 10.0
Throwing       | 3 4 |  4.0
Short Blades   | 4 10 | 10.0
Maces & Flails | 1 5 |  5.1
Polearms       | 4 8 10 | 10.0
Spellcasting   | 4 |  4.9
Transmutations | 4 |  4.8
Armour         | 1 8 |  8.0
Evocations     | 4 10 | 10.0
Invocations    | 7 9 |  9.0
Ice Magic      | 2 10 | 10.0
Stealth        | 8 10 | 10.0

Action                     |  1- 3 |  4- 6 |  7- 9 | 10-12 | 13-15 | 16-18 || total
---------------------------+-------+-------+-------+-------+-------+-------++-------
  Melee: Rapier            |    39 |       |       |       |       |       ||    39
         Dagger            |    94 |   107 |   202 |       |       |       ||   403
         Touch             |       |    27 |    44 |       |   111 |   114 ||   296
         Punch             |       |     1 |     5 |       |     3 |     5 ||    14
         Whip              |       |       |    48 |       |       |       ||    48
         Halberd           |       |       |   111 |   341 |       |       ||   452
         Pair of quick bla |       |       |       |    23 |  1838 |       ||  1861
         Quick blade       |       |       |       |       |   444 |   578 ||  1022
  Throw: Throwing net      |       |       |       |       |     3 |     1 ||     4
   Cast: Wereblood         |       |       |       |    10 |    20 |     6 ||    36
         Frozen Ramparts   |       |       |       |     1 |     2 |       ||     3
 Invoke: Ancestor Life: Kn |       |       |     1 |       |       |       ||     1
         Recall Ancestor   |       |       |       |       |     1 |       ||     1
  Evoke: Wand              |       |       |       |     1 |     8 |       ||     9
    Use: Scroll            |     3 |     8 |     5 |     9 |     7 |     3 ||    35
         Potion            |       |       |     2 |     2 |     5 |     2 ||    11
   Stab: Sleeping          |       |     3 |       |       |     5 |     5 ||    13
         Distracted        |       |       |     2 |     3 |     4 |     1 ||    10
         Paralysed         |       |       |       |     5 |     8 |       ||    13
         Petrified         |       |       |       |       |    16 |       ||    16
         Petrifying        |       |       |       |       |     2 |       ||     2
         Held in net/web   |       |       |       |       |     3 |       ||     3
 Armour: Leather armour    |    61 |    42 |   253 |    43 |       |    32 ||   431
         Chain mail        |       |       |       |    89 |       |       ||    89
         Troll leather arm |       |       |       |    88 |   482 |    82 ||   652
         Robe              |       |       |       |       |       |    66 ||    66
  Dodge: Dodged            |    66 |    37 |   270 |   166 |   445 |   241 ||  1225
  Block: Other             |       |       |       |       |    29 |    14 ||    43

Table legend: (Time is in decaauts)
 A = Elapsed time spent in this place.
 B = Non-inter-level travel time spent in this place.
 C = Inter-level travel time spent in this place.
 D = Time resting spent in this place.
 E = Time spent auto-exploring this place.
 F = Levels seen in this place.
 G = Mean time per level.
                   A        B        C        D        E       F      G
               +--------+--------+--------+--------+--------+-----+--------+
         Total |  24708 |  23142 |   1566 |   3765 |  14976 |  26 |  950.3 |
       Dungeon |  16328 |  15242 |   1086 |   3197 |   9449 |  15 | 1088.5 |
        Temple |     49 |      1 |     48 |      0 |      0 |   1 |   49.0 |
          Lair |   4746 |   4494 |    252 |     33 |   3539 |   5 |  949.2 |
  Orcish Mines |   1380 |   1246 |    134 |     25 |    958 |   2 |  690.0 |
   Elven Halls |   1020 |    976 |     44 |     46 |    672 |   1 | 1020.0 |
         Sewer |    685 |    685 |      0 |    357 |    201 |   1 |  685.0 |
      Gauntlet |    497 |    497 |      0 |    107 |    157 |   1 |  497.0 |
               +--------+--------+--------+--------+--------+-----+--------+

Top non-repeatable levels by time:
    D:14: 2387 daAuts
    D:13: 1770 daAuts
    D:11: 1554 daAuts
    D:15: 1367 daAuts
  Lair:3: 1235 daAuts
     D:5: 1129 daAuts
  Lair:5: 1112 daAuts
    D:12: 1100 daAuts
   Elf:1: 1020 daAuts
     D:8: 959 daAuts
     D:9: 946 daAuts
     D:2: 900 daAuts
  Lair:2: 875 daAuts
  Lair:4: 854 daAuts
    D:10: 830 daAuts
